 Seeded DCSS version 0.29.1-15-g9cfb28693d (webtiles) character file.

Game seed: 1192936788315771475 (custom seed)

165 BrigandRavn the Chopper (level 5, 36/47 HPs)
             Began as a Minotaur Berserker on Mar 28, 2023.
             Was a Believer of Trog.
             Quit the game on level 3 of the Dungeon.
             The game lasted 00:02:37 (2710 turns).

BrigandRavn the Chopper (Minotaur Berserker)        Turns: 2710, Time: 00:02:37

Health: 36/47      AC: 11    Str: 23    XL:     5   Next: 21%
Magic:  4/4        EV:  8    Int:  4    God:    Trog [**....]
Gold:   98         SH:  0    Dex: 10    Spells: 4/4 levels left

rFire   . . .      SeeInvis +   a - +0 hand axe (freeze)
rCold   . . .      Faith    .   (no shield)
rNeg    . . .      Spirit   .   f - +0 chain mail
rPois   .          Reflect  .   (helmet restricted)
rElec   .          Harm     .   g - +0 cloak
rCorr   .          Rampage  .   h - +0 pair of gloves
Will    .....                   (no boots)
Stlth   ..........              (no amulet)
HPRegen 0.15/turn               c - ring of flight
MPRegen 0.09/turn               i - ring of see invisible

@: flying
A: horns 2, retaliatory headbutt
a: Renounce Religion, Berserk, Trog's Hand


You were on level 3 of the Dungeon.
You worshipped Trog.
Trog was pleased with you.
You visited 1 branch of the dungeon, and saw 3 of its levels.

You collected 98 gold pieces.

Inventory:

Hand Weapons
 a - a +0 hand axe of freezing (weapon)
 b - the +8 longbow "Zephyr" {speed, Dex+3 SInv}
   (You took it off an orc on level 3 of the Dungeon)

   Attacks with this weapon are significantly faster.
   Dex:       It affects your dexterity (+3).
   SInv:      It lets you see invisible.
Armour
 f - a +0 chain mail (worn)
 g - a +0 cloak (worn)
 h - a +0 pair of gloves (worn)
Jewellery
 c - a ring of flight (left hand)
 i - a ring of see invisible (right hand)
Scrolls
 k - a scroll of magic mapping
Potions
 e - a potion of haste
 j - a potion of flight {unknown}


   Skills:
 + Level 4.9 Fighting
 + Level 5.0 Axes
 + Level 4.1 Armour
 - Level 2.7 Dodging


You had 4 spell levels left.
You didn't know any spells.
Your spell library was empty.

Dungeon Overview and Level Annotations

Branches:
Dungeon (3/15)

Altars:

Annotations:
D:3 3 runed translucent doors, jtron's ghost, weakling GnWn; monke's ghost, amateur GnFi


Innate Abilities, Weirdness & Mutations

You have a pair of horns on your head.
You reflexively headbutt those who attack you in melee.


Message History

The orc barely misses you. You furiously retaliate!
You headbutt the orc!
You kill the orc!
Trog accepts your kill. The hobgoblin attacks as you move away!
The hobgoblin hits you but does no damage.
The hobgoblin completely misses you. The orc closely misses you.
You furiously retaliate!
You headbutt the orc!
You kill the orc!
Trog accepts your kill.
Items here: $ )) [.
Okay, then.
You hit the hobgoblin. You freeze the hobgoblin.
You kill the hobgoblin!
Trog accepts your kill.
You hit the orc but do no damage. You closely miss the hobgoblin.
The hobgoblin hits you but does no damage.
The orc barely misses you.
Your Axes skill increases to level 5!
You slash the hobgoblin! You freeze the hobgoblin.
You kill the hobgoblin!
Trog accepts your kill.
You closely miss the orc. The orc hits you but does no damage.
You hit the orc. You freeze the orc. Your headbutt misses the orc.
The orc is severely wounded.
The orc hits you but does no damage.
Unknown command.
You hit the orc. You freeze the orc.
You kill the orc!
Trog accepts your kill.
No target in view!
You now have 98 gold pieces (gained 10).
Things that are here:
a +0 whip; the +8 longbow "Zephyr" {speed, Dex+3 SInv}; the +2 leather armour of Ethics {rElec rPois rF- rC+}
Things that are here:
a +0 whip; the +8 longbow "Zephyr" {speed, Dex+3 SInv}; the +2 leather armour of Ethics {rElec rPois rF- rC+} You drop a +0 animal skin.
You drop a +0 scale mail.
Items here: )) [[[.
b - the +8 longbow "Zephyr" {speed, Dex+3 SInv} Are you sure you want to abandon this character and quit the game? (Confirm with "yes".)

#####.#######
...........# ...........
##### ......... #...#
#.....# #...# #.....#
#...#
######.....#########...##
....................<....
.......[@...)..##........
..#....))..###.##........
#........# #.##.......)
####.....# #.##........
#.....# #...........
##.#.#######........
#.#................
#.#########......##
####.###♣


There were no monsters in sight!

Vanquished Creatures
  An orc priest (D:3)
  Crazy Yiuf (D:2)
  4 gnolls (D:2)
  2 worms (D:2)
  8 orcs (D:3)
  4 ball pythons (D:1)
  2 bats
  8 endoplasms
  A giant cockroach (D:2)
  3 goblins
  4 hobgoblins
  2 jackals (D:1)
  2 quokkas (D:1)
  A frilled lizard (D:1)
  6 kobolds
  4 rats
53 creatures vanquished.

Notes
Turn   | Place    | Note
-------+----------+-------------------------------------------
     0 | D:1      | BrigandRavn the Minotaur Berserker began the quest for the
                  | Orb.
     0 | D:1      | Reached XP level 1. HP: 19/19 MP: 0/0
   349 | D:1      | Reached XP level 2. HP: 25/27 MP: 1/1
   627 | D:1      | Reached skill level 4 in Axes
   781 | D:1      | Found a faded altar of an unknown god.
  1296 | D:1      | Reached XP level 3. HP: 33/33 MP: 2/2
  1910 | D:2      | Reached XP level 4. HP: 41/41 MP: 3/3
  2335 | D:2      | Found a runed translucent door.
  2336 | D:2      | Noticed Crazy Yiuf
  2341 | D:2      | Killed Crazy Yiuf
  2415 | D:3      | Found a runed translucent gate.
  2415 | D:3      | Found a runed translucent gate.
  2415 | D:3      | Found a runed translucent gate.
  2419 | D:3      | Noticed monke's ghost (amateur GnFi)
  2419 | D:3      | Noticed jtron's ghost (weakling GnWn)
  2524 | D:3      | Reached ** piety under Trog
  2532 | D:3      | Reached XP level 5. HP: 44/47 MP: 4/4
  2686 | D:3      | Identified the +2 leather armour of Ethics {rElec rPois rF-
                  | rC+}
  2694 | D:3      | Reached skill level 5 in Axes
  2710 | D:3      | Quit the game

Illustrated notes

Levels and vault maps discovered:
D:1:      scummos_arrival_simple_crosswalls, layout_basic,
          basic_ecumenical_altar
D:2:      layout_loops_cross, uniq_crazy_yiuf_cottage
D:3:      kennysheep_big_flooded_room, layout_basic, gammafunk_ghost_cemetery,
          minmay_misc_feat_doors, serial_bayou_pond_d

Skill      XL: |  1  2  3  4  5 |
---------------+----------------+-----
Axes           | 4 5 |  5.0
Fighting       | 4 |  4.9
Armour         | 3 4 |  4.1
Dodging        | |  2.7

Action                   |  1- 3 |  4- 6 || total
-------------------------+-------+-------++-------
Melee: Hand axe          |    60 |    33 ||    93
       Headbutt          |     8 |     7 ||    15
Invok: Berserk           |     4 |       ||     4
  Use: Potion            |     2 |       ||     2
       Scroll            |     2 |     3 ||     5
Armor: Animal skin       |     8 |       ||     8
       Scale mail        |     5 |       ||     5
       Chain mail        |     4 |    14 ||    18
Dodge: Dodged            |    40 |    14 ||    54
